 Dungeon Crawl Stone Soup version 0.22-a0-305-gd21a89c (webtiles) character file.

5038 JeffiDaFish the Destroyer (level 10, -12/69 HPs)
             Began as a Pale Draconian Conjurer on Mar 29, 2018.
             Was a Believer of Vehumet.
             Mangled by a two-headed ogre
             ... wielding a +0 giant club
              (13 damage)
             ... on level 9 of the Dungeon.
             The game lasted 00:39:24 (12056 turns).

JeffiDaFish the Destroyer (DrCj)                   Turns: 12056, Time: 00:39:25

Health: -12/69     AC: 10    Str: 10    XL:     10   Next: 30%
Magic:  6/24       EV: 12    Int: 18    God:    Vehumet [**....]
Gold:   180        SH:  0    Dex: 18    Spells: 4/29 levels left

rFire    . . .     SeeInvis .   a - +1 dagger (venom)
rCold    . . .     Gourm    .   (no shield)
rNeg     . . .     Faith    .   (armour unavailable)
rPois    .         Spirit   .   (helmet restricted)
rElec    .         Reflect  .   l - +1 cloak
rCorr    +         Harm     .   (no gloves)
MR       .....                  c - +0 pair of boots
Stlth    ++........             e - amulet of magic regeneration
HPRegen  0.21/turn              f - ring of resist corrosion
MPRegen  0.44/turn              w - +5 ring of dexterity

@: starving
A: breathe steam, unfitting armour, cold-blooded, AC +7
a: Breathe Steam, Renounce Religion


You were on level 9 of the Dungeon.
You worshipped Vehumet.
Vehumet was pleased with you.
You were starving.

You visited 2 branches of the dungeon, and saw 10 of its levels.
You also visited: Sewer.

You collected 675 gold pieces.
You spent 495 gold pieces at shops.

Inventory:

Hand Weapons
 a - a +1 dagger of venom (weapon)
 p - a cursed +0 rapier
Armour
 c - a +0 pair of boots (worn)
 l - a +1 cloak (worn)
Jewellery
 e - an amulet of magic regeneration (around neck)
 f - a ring of resist corrosion (left hand)
 h - an uncursed ring of fire
 v - an uncursed amulet of the gourmand
 w - a +5 ring of dexterity (right hand)
Wands
 d - a wand of paralysis (31)
 m - a wand of iceblast (29)
Scrolls
 i - 3 scrolls of identify
 n - 4 scrolls of enchant weapon
 o - 8 scrolls of remove curse
 t - a scroll of teleportation
 u - 2 scrolls of blinking
Potions
 j - 2 potions of heal wounds
 k - 3 potions of curing
 q - a potion of cancellation
 s - a potion of might
Comestibles
 b - 14 rations


   Skills:
 - Level 1.7 Dodging
 - Level 1.7 Stealth
 + Level 10.1 Spellcasting
 + Level 11.4 Conjurations


You had 4 spell levels left.
You knew the following spells:

 Your Spells              Type           Power        Failure   Level  Hunger
a - Magic Dart            Conj           ####         1%          1    None
b - Searing Ray           Conj           ######       1%          2    None
c - Mephitic Cloud        Conj/Pois/Air  ###.....     4%          3    None
d - Iskenderun's Mystic   Conj           ######..     1%          4    ###....
e - Force Lance           Conj/Tloc      ####....     8%          4    ###....
f - Fulminant Prism       Conj/Hex       ####......   8%          4    ###....
g - Orb of Destruction    Conj           ######....   52%         7    #######


Dungeon Overview and Level Annotations

Branches:
Dungeon (9/15)             Temple (1/1) D:5
   Lair: D:8-11         Orc: D:9-12

Altars:
Ashenzari
Cheibriados
Elyvilon
Gozag
Kikubaaqudgha
Nemelex Xobeh
Okawaru
Qazlal
Trog
Vehumet

Shops:
D:6 :   D:7 %

Annotations:
D:9 lordlovebone's ghost, journeyman DsWn


Innate Abilities, Weirdness & Mutations

You can breathe blasts of scalding, opaque steam.
Your pale cyan-grey scales are hard. (AC +7)
You cannot fit into any form of body armour.
You are cold-blooded and may be slowed by cold attacks.


Message History

Aiming: Force Lance (safe; 8% risk of failure)
Press: ? - help, Shift-Dir - straight line, f/p - two-headed ogre
Aim: a two-headed ogre, wielding a giant club and a giant spiked club (heavily wounded)
The lance of force misses the two-headed ogre.
You are starving!
You don't have the energy to cast that spell.
Okay, then.
The two-headed ogre hits you with a giant club!
The two-headed ogre hits you with a giant spiked club!
You hit the two-headed ogre.
The two-headed ogre is poisoned.
The two-headed ogre is heavily wounded.
The two-headed ogre hits you with a giant club.
The two-headed ogre hits you with a giant spiked club!!
You hit the two-headed ogre but do no damage.
The two-headed ogre looks as sick as possible!
The two-headed ogre is severely wounded.
The two-headed ogre hits you with a giant club!!
* * * LOW HITPOINT WARNING * * *
The two-headed ogre hits you with a giant spiked club!
You die...

#####
....##
....##
#...# #..#
#@O##
#.<.###..#
#.......#
#.......#
#...##...#
#...##
###..
.....# .
.....##
.#####


You could see a two-headed ogre.

Vanquished Creatures
  A two-headed ogre (D:8)
  The ghost of R007833r the Cleaver, a novice HOMo of Beogh (D:8)
  Psyche (D:8)
  Grinder (D:5)
  Prince Ribbit (D:8)
  A hippogriff (D:8)
  A spriggan (D:7)
  Eustachio (D:5)
  Sigmund (D:4)
  A water moccasin (D:8)
  Purgy (Sewer)
  An orc warrior (D:4)
  2 phantoms
  3 sky beasts
  4 ogres
  The ghost of felt the Cudgeler, an amateur DsGl (D:3)
  A centaur (D:8)
  2 bullfrogs
  A scorpion (D:5)
  2 howler monkeys (D:4)
  4 crimson imps
  A bullfrog zombie (D:7)
  2 quasits
  2 centaur zombies (D:7)
  4 hounds
  2 jellies
  A centaur skeleton (D:8)
  2 orc wizards (D:8)
  A bullfrog skeleton (D:5)
  An iguana (D:4)
  Ijyb (D:5)
  A killer bee zombie (D:5)
  4 worker ants
  A hound zombie (D:7)
  A hound skeleton (D:7)
  A howler monkey zombie (D:5)
  7 gnolls
  8 adders
  A shadow imp (D:7)
  An adder skeleton (D:6)
  3 worms
  A dart slug (D:4)
  10 leopard geckos
  13 orcs
  8 bats
  8 giant cockroaches
  9 goblins
  7 hobgoblins
  2 jackals (D:5)
  5 kobolds
  6 quokkas
  A ball python (D:3)
  4 frilled lizards
  A leopard gecko skeleton (D:4)
  2 quokka skeletons
  3 rats
  2 fulminant prisms (D:8)
159 creatures vanquished.

Vanquished Creatures (others)
  11 fulminant prisms
11 creatures vanquished.

Grand Total: 170 creatures vanquished

Notes
Turn   | Place    | Note
-------+----------+-------------------------------------------
     0 | D:1      | JeffiDaFish the Draconian Conjurer began the quest for the Orb.
     0 | D:1      | Reached XP level 1. HP: 14/14 MP: 3/3
   610 | D:1      | Reached XP level 2. HP: 20/20 MP: 0/5
   870 | D:1      | Learned a level 2 spell: Searing Ray
  1504 | D:2      | Reached XP level 3. HP: 24/26 MP: 2/7
  2634 | D:2      | Reached XP level 4. HP: 33/33 MP: 5/8
  2648 | D:2      | Learned a level 3 spell: Dazzling Spray
  3206 | D:3      | Reached skill level 5 in Conjurations
  3284 | D:3      | Found a glowing drain.
  3302 | Sewer    | Entered a sewer
  3501 | Sewer    | Noticed Purgy
  3537 | Sewer    | Killed Purgy
  3537 | Sewer    | Reached XP level 5. HP: 8/38 MP: 0/11
  3791 | Sewer    | Learned a level 4 spell: Iskenderun's Mystic Blast
  4179 | D:3      | Noticed felt's ghost (amateur DsGl)
  5157 | D:3      | Killed felt's ghost
  5157 | D:3      | Reached skill level 6 in Conjurations
  5157 | D:3      | Reached XP level 6. HP: 23/45 MP: 0/12
  5817 | D:4      | Reached skill level 5 in Spellcasting
  6033 | D:4      | Found an iron altar of Okawaru.
  6042 | D:4      | Your scales start taking on a pale cyan-grey colour.
  6042 | D:4      | Reached XP level 7. HP: 50/50 MP: 2/14
  6062 | D:4      | Learned a level 4 spell: Force Lance
  6176 | D:4      | Found a shattered altar of Ashenzari.
  6180 | D:4      | Found a snail-covered altar of Cheibriados.
  6182 | D:4      | Found a white marble altar of Elyvilon.
  6184 | D:4      | Found a stormy altar of Qazlal.
  6258 | D:4      | Noticed Sigmund
  6260 | D:4      | Killed Sigmund
  6260 | D:4      | Reached skill level 7 in Conjurations
  7326 | D:5      | Entered Level 5 of the Dungeon
  7344 | D:5      | Noticed Eustachio
  7365 | D:5      | Killed Eustachio
  7365 | D:5      | Reached XP level 8. HP: 50/57 MP: 1/17
  7529 | D:5      | Reached skill level 8 in Conjurations
  7551 | D:5      | Found a staircase to the Ecumenical Temple.
  7562 | Temple   | Entered the Ecumenical Temple
  7727 | Temple   | Became a worshipper of Vehumet
  8014 | D:5      | Noticed Grinder
  8021 | D:5      | Killed Grinder
  8165 | D:5      | Learned a level 4 spell: Fulminant Prism
  8247 | D:5      | Noticed Ijyb
  8255 | D:5      | Killed Ijyb
  8583 | D:5      | Reached skill level 9 in Conjurations
  8730 | D:5      | Found an ancient bone altar of Kikubaaqudgha.
  8730 | D:5      | Found an opulent altar of Gozag.
  8997 | D:6      | Reached XP level 9. HP: 45/62 MP: 9/20
  9301 | D:6      | Reached * piety under Vehumet
  9301 | D:6      | Offered knowledge of Shock by Vehumet.
  9409 | D:6      | Found Ytaikhloe's Book Shop.
  9423 | D:6      | Bought a book of Clouds for 495 gold pieces
  9685 | D:7      | Found Nutipokk's Food Emporium.
 10292 | D:8      | Noticed Psyche
 10296 | D:8      | Killed Psyche
 10296 | D:8      | Reached skill level 10 in Conjurations
 10363 | D:8      | Learned a level 7 spell: Orb of Destruction
 10406 | D:8      | Learned a level 3 spell: Mephitic Cloud
 10407 | D:8      | Noticed R007833r's ghost (novice HOMo)
 10504 | D:8      | Noticed Prince Ribbit
 10516 | D:8      | Killed Prince Ribbit
 10685 | D:8      | Noticed a two-headed ogre
 10693 | D:8      | Killed a two-headed ogre
 11064 | D:8      | Reached XP level 10. HP: 64/69 MP: 13/23
 11127 | D:8      | Killed R007833r's ghost
 11127 | D:8      | Reached skill level 11 in Conjurations
 11373 | D:8      | Offered knowledge of Freeze by Vehumet.
 11392 | D:8      | Reached ** piety under Vehumet
 11392 | D:8      | Reached skill level 10 in Spellcasting
 11678 | D:9      | Noticed lordlovebone's ghost (journeyman DsWn)
 11749 | D:9      | HP: 2/69 [lordlovebone's ghost (3)]
 12046 | D:9      | Noticed a two-headed ogre
 12056 | D:9      | HP: 1/69 [two-headed ogre/giant club (22)]
 12056 | D:9      | Mangled by a two-headed ogre

Vault maps used:
D:1:      dpeg_arrival_short_road
D:3:      first_ration, gup_sewer_entry_pipe
D:4:      minitemple, okawaru_gym_becter, uniq_sigmund
D:5:      gammafunk_temple_overflow_wave, minmay_temple_entry_water_ring,
          uniq_eustachio, uniq_ijyb, uniq_grinder
D:6:      serial_shops, shop_coins
D:7:      serial_shops, shop, the_bakery, sigmund_army
D:8:      enter_bailey_3, uniq_psyche, uniq_prince_ribbit1
D:9:      nicolae_overflow_hidden_temple, lair_entry_dummy, serial_shops,
          nicolae_shop_crystal
Temple:   dpeg_chambers_temple
Sewer:    sewer_big_baddie

Skill      XL: |  1  2  3  4  5  6  7  8  9 10 |
---------------+-------------------------------+-----
Spellcasting   | 3 4 5 6 7 9 10 | 10.1
Conjurations   | 5 6 7 9 10 11 | 11.4
Dodging        | |  1.7
Stealth        | |  1.7

Action                   |  1- 3 |  4- 6 |  7- 9 | 10-12 || total
-------------------------+-------+-------+-------+-------++-------
Melee: Unarmed           |    12 |       |       |       ||    12
       Dagger            |    16 |    71 |   287 |    21 ||   395
       Tailslap          |     1 |     8 |    44 |       ||    53
 Cast: Magic Dart        |    40 |    58 |    30 |     1 ||   129
       Searing Ray       |     6 |    12 |    16 |       ||    34
       Dazzling Spray    |       |     2 |    10 |       ||    12
       Iskenderun's Myst |       |     7 |    42 |    17 ||    66
       Force Lance       |       |       |     5 |    13 ||    18
       Fulminant Prism   |       |       |     6 |     7 ||    13
       Mephitic Cloud    |       |       |     1 |     1 ||     2
 Abil: Breathe Steam     |       |       |     3 |       ||     3
  Use: Potion            |     3 |     2 |     5 |     2 ||    12
       Scroll            |     2 |     4 |    10 |     2 ||    18
 Stab: Sleeping          |       |       |     1 |       ||     1
       Invisible         |       |       |     1 |       ||     1
  Eat: Chunk             |     5 |     6 |    19 |     1 ||    31
       Ration            |       |     2 |     1 |     1 ||     4
Armor: Skin              |    11 |    38 |   145 |     7 ||   201
Dodge: Dodged            |    26 |    84 |   257 |     3 ||   370

Table legend:
 A = Spawn XP
 B = Non-spawn XP
 C = Spawn XP percentage of total XP
 D = Spawn monster count
 E = Non-spawn monster count
 F = Spawn count percentage of total count
 G = Total turns spent on level
                    A         B        C        D         E        F      G
               +---------+---------+-------+---------+---------+-------+---------
         Total |       0 |    7198 |   0.0 |       0 |     157 |   0.0 | 12056
               +---------+---------+-------+---------+---------+-------+---------
           D:1 |       0 |      28 |   0.0 |       0 |      16 |   0.0 |  1392
           D:2 |       0 |      73 |   0.0 |       0 |      13 |   0.0 |  1862
           D:3 |       0 |     220 |   0.0 |       0 |      26 |   0.0 |  1644
           D:4 |       0 |     913 |   0.0 |       0 |      22 |   0.0 |  1881
           D:5 |       0 |    1200 |   0.0 |       0 |      23 |   0.0 |  1153
           D:6 |       0 |     373 |   0.0 |       0 |      11 |   0.0 |   781
           D:7 |       0 |     593 |   0.0 |       0 |      15 |   0.0 |  1044
           D:8 |       0 |    3598 |   0.0 |       0 |      23 |   0.0 |  1369
           D:9 |       0 |      48 |   0.0 |       0 |       1 |   0.0 |    48
        Temple |       0 |       3 |   0.0 |       0 |       1 |   0.0 |   335
         Sewer |       0 |     149 |   0.0 |       0 |       6 |   0.0 |   547
               +---------+---------+-------+---------+---------+-------+---------
